 Dungeon Crawl Stone Soup version 0.21.0-37-g46506fa (webtiles) character file.

52 Mgcat the Digger (level 3, -4/19 HPs)
             Began as a Gargoyle Earth Elementalist on Feb 1, 2018.
             Slain by a phantom (7 damage)
             ... on level 2 of the Dungeon.
             The game lasted 00:04:46 (2462 turns).

Mgcat the Digger (Gargoyle Earth Elementalist)      Turns: 2462, Time: 00:04:47

Health: -4/19      AC:  7    Str: 11    XL:     3   Next: 85%
Magic:  0/7        EV: 12    Int: 16    God:
Gold:   122        SH:  0    Dex: 10    Spells: 3/7 levels left

rFire    . . .     SeeInvis .   i - +0 dagger (drain)
rCold    . . .     Gourm    .   (no shield)
rNeg     + . .     Faith    .   c - +0 robe
rPois    ∞         Spirit   .   (no helmet)
rElec    +         Reflect  .   (no cloak)
rCorr    .         Harm     .   f - +0 pair of gloves
MR       .....                  q - +0 pair of boots
Stlth    ++........             (no amulet)
HPRegen  0.06/turn              (no ring)
MPRegen  0.10/turn              (no ring)

@: no status effects
A: negative energy resistance 1, electricity resistance, unbreathing,
petrification resistance, rot immunity, AC +3
a: no special abilities


You were on level 2 of the Dungeon.
You were not hungry.

You visited 1 branch of the dungeon, and saw 2 of its levels.

You collected 122 gold pieces.

Inventory:

Hand Weapons
 i - a +0 dagger of draining (weapon)
 p - a +1 mace of crushing
Missiles
 b - 28 stones (quivered)
Armour
 c - a +0 robe (worn)
 f - a +0 pair of gloves (worn)
 q - a +0 pair of boots (worn)
Scrolls
 g - 2 scrolls of teleportation {unknown}
 h - a scroll of immolation {unknown}
 k - 2 scrolls of fog {unknown}
 l - 3 scrolls of identify {unknown}
 m - a scroll of blinking {unknown}
 o - a scroll of magic mapping {unknown}
 u - a scroll of remove curse {unknown}
Potions
 a - 2 potions of curing {unknown}
 j - a potion of brilliance {unknown}
 n - 3 potions of degeneration {unknown}
 r - a potion of agility {unknown}
 s - a potion of might {unknown}
 v - a potion of lignification {unknown}
Books
 e - a book of Geomancy

   Spells                             Type                      Level
   a - Sandblast                      Earth                        1
   b - Passwall                       Transmutation/Earth          2
   c - Stone Arrow                    Conjuration/Earth            3
   d - Petrify                        Transmutation/Earth          4
   e - Lee's Rapid Deconstruction     Earth                        5
Comestibles
 d - 6 rations
 t - 2 chunks of flesh


   Skills:
 - Level 1.5 Dodging
 - Level 2.1 Stealth
 + Level 2.8 Spellcasting
 + Level 1.1 Conjurations
   Level 0.7 Transmutations
 + Level 4.6 Earth Magic


You had 3 spell levels left.
You knew the following spells:

 Your Spells              Type           Power        Failure   Level  Hunger
a - Sandblast             Erth           ###...       2%          1    #......
b - Stone Arrow           Conj/Erth      ##....       17%         3    ###....


Dungeon Overview and Level Annotations

Branches:
Dungeon (2/15)

Altars:
Kikubaaqudgha
Xom
Zin


Innate Abilities, Weirdness & Mutations

You are resistant to torment.
Your stone body is resilient. (AC +3)
You are immune to poison.
You resist negative energy. (rN+)
You are resistant to electric shocks. (rElec)
You can survive without breathing.
You are immune to petrification.
You are immune to rotting.


Message History

b - 29 stones The phantom hits you.
* * * LOW HITPOINT WARNING * * *
The phantom blinks!
Casting: Sandblast
Confirm with . or Enter, or press ? or * to list all spells.
Aiming: Sandblast
Press: ? - help, Shift-Dir - straight line, f/p - phantom
Aim: a phantom (heavily damaged)
The blast of sand misses the phantom.
b - 28 stones
Okay, then.
Casting: Sandblast
Confirm with . or Enter, or press ? or * to list all spells.
You don't have enough magic to cast that spell.
Unknown command.
You hit the phantom but do no damage.
The phantom is heavily damaged.
The phantom hits you!
You die...

### ##.######
#.......[
##.###### ######
#.# # #....# ###
# #.##.##########
# #.##..@W......#
#
###.#######.[.###
# #...# #.....# #
#.### #....b# #
#.# #.....# # #.#
##....# # #.#
##.#..# ###
##.######## .#..#
#.. #..........
.#..# #..


You could see a phantom.

Vanquished Creatures
  An adder (D:2)
  3 worms (D:2)
  A leopard gecko (D:1)
  6 bats
  3 giant cockroaches
  2 goblins
  4 hobgoblins
  3 jackals (D:2)
  A frilled lizard (D:2)
  4 kobolds
  5 rats
33 creatures vanquished.

Notes
Turn   | Place    | Note
-------+----------+-------------------------------------------
     0 | D:1      | Mgcat the Gargoyle Earth Elementalist began the quest for the Orb.
     0 | D:1      | Reached XP level 1. HP: 10/10 MP: 3/3
   624 | D:1      | Reached XP level 2. HP: 15/15 MP: 5/5
   627 | D:1      | Reached skill level 4 in Earth Magic
  1452 | D:2      | Reached XP level 3. HP: 19/19 MP: 0/6
  1457 | D:2      | Learned a level 3 spell: Stone Arrow
  1923 | D:2      | Found an ancient bone altar of Kikubaaqudgha.
  2118 | D:2      | Found a glowing silver altar of Zin.
  2118 | D:2      | Found a shimmering altar of Xom.
  2119 | D:2      | Noticed an angel
  2134 | D:2      | Reached skill level 1 in Conjurations
  2448 | D:2      | Noticed a phantom
  2462 | D:2      | Slain by a phantom

Skill      XL: |  1  2  3 |
---------------+----------+-----
Earth Magic    | 4 |  4.6
Conjurations   | 1 |  1.1
Dodging        | |  1.5
Stealth        | |  2.1
Spellcasting   | |  2.8
Transmutations | |  0.7

Action                   || total
-------------------------++-------
Melee: Unarmed           ||    55
       Dagger            ||    99
 Cast: Sandblast         ||    24
 Stab: Sleeping          ||     1
  Eat: Chunk             ||     5
Armor: Robe              ||    70
Dodge: Dodged            ||   116
